 Dungeon Crawl Stone Soup version 0.14.2 (webtiles) character file.

621 FuckCats the Skirmisher (level 6, 0/52 HPs)
             Began as a Mummy Monk on Jan 29, 2016.
             Slain by a gnoll
             ... wielding a +0,+0 spear
              (8 damage)
             ... on Level 4 of the Dungeon on Jan 30, 2016.
             The game lasted 00:11:06 (6745 turns).

FuckCats the Skirmisher (Mummy Monk)                Turns: 6745, Time: 00:11:06

HP   0/52        AC  1     Str 14      XL: 6   Next: 68%
MP   6/6         EV 13     Int  9      God:
Gold 187         SH  0     Dex 16      Spells:  0 memorised,  5 levels left

rFire  x . .     SeeInvis .       - Unarmed
rCold  + . .     Clarity  .     (no armour)
rNeg   + + +     Conserve .     (no shield)
rPois  +         rCorr    .     (no helmet)
rElec  .         rRot     +     a - +0 cloak
SustAb . .       Spirit   .     (no gloves)
rMut   .         Warding  .     (no boots)
Saprov . . .     Stasis   .     (no amulet)
MR     .....                    h - cursed ring of hunger
                                g - ring of positive energy {unknown}

@: not resistant to hostile enchantments, fairly stealthy
A: no food or potions, fire vulnerability, restore body, cold resistance 1, life
protection 3, poison resistance, torment resistance, unbreathing
a: no special abilities


You were on level 4 of the Dungeon.
You were not hungry.

You visited 1 branch of the dungeon, and saw 4 of its levels.

You collected 187 gold pieces.


Innate Abilities, Weirdness & Mutations

You do not eat or drink.
Your flesh is vulnerable to fire.
Your flesh is cold resistant.
You are immune to negative energy.
Your system is resistant to poisons.
You are immune to unholy pain and torment.
You can survive without breathing.


   Skills:
 - Level 6.0 Fighting
 + Level 2.7 Dodging
 - Level 1.5 Stealth
 - Level 5.0 Unarmed Combat


You had 5 spell levels left.
You didn't know any spells.

Inventory:

Missiles
 d - 14 poisoned needles (quivered)
Armour
 a - a +0 cloak (worn)
Comestibles
 c - 3 bread rations
 f - a choko
Scrolls
 b - 3 scrolls of teleportation
 e - 2 scrolls of identify
 i - a scroll of remove curse
 j - 2 scrolls of fog
Jewellery
 g - a ring of positive energy (left hand) {unknown}
 h - a cursed ring of hunger (right hand)

Dungeon Overview and Level Annotations

Branches:
Dungeon (4/15)             Temple (0/1) D:4

Altars:
Elyvilon
Nemelex Xobeh
Yredelemnul

Annotations:
D:4 exclusions: 3 doors and 1 more exclusion

▒▒▒▒▒▒·▒ ··· ▒··▒ · ▒·▒ ▒▒▒▒ ▒··▒
·▒▒▒ ▒g▒ ·▒··▒ ···· ▒·▒ ·▒··▒
▒···· ▒·▒
▒▒▒▒▒▒(▒··▒▒▒▒▒▒▒▒▒▒···· ▒▒▒▒▒▒·▒
······▒················ ·······▒
····▒····<·········▒▒
·······▒▒▒▒▒▒▒'▒▒···········!··▒·
················M(g············▒·
▒▒▒··················▒▒▒▒▒▒▒···▒·
▒·····▒▒▒▒▒▒·······▒ ▒···▒·
▒·····▒ ▒)······▒ ▒···▒· ▒·····▒
▒·······▒ ▒···▒▒ ▒·····▒
▒%··!···▒▒▒▒▒▒▒·····
▒·····▒▒▒▒▒▒···················
▒···%·····················>····
▒·▒▒▒▒▒▒·······P····(··········


You could see a gnoll.


Message History

You barely miss the gnoll.
The gnoll is almost dead.
The gnoll barely misses you.
You punch the gnoll!
You kill the gnoll!
You swing at nothing.
Things that are here:
a whip; a gnoll corpse; a goblin skeleton The gnoll throws a throwing net.
The throwing net hits you!
You become entangled in the net!
You see here a throwing net.
You try to slip out of the net.
You try to slip out of the net.
You struggle to escape the net.
You struggle against the net.
You slip out of the net!
The gnoll throws a throwing net.
The throwing net hits you!
You become entangled in the net!
* * * LOW HITPOINT WARNING * * *
You see here a throwing net.
You struggle against the net.
You try to slip out of the net.
The gnoll hits you from afar with a spear.
* * * LOW HITPOINT WARNING * * *
You try to slip out of the net.
The gnoll hits you from afar with a spear.
* * * LOW HITPOINT WARNING * * *
You slip out of the net!
The gnoll hits you from afar with a spear!
You die...

Action                   |  1- 3 |  4- 6 || total
-------------------------+-------+-------++-------
Melee: Unarmed           |   130 |   377 ||   507
  Use: Scroll            |       |     5 ||     5
 Stab: Sleeping          |       |     2 ||     2

Vault maps used:
D:1:      dpeg_arrival_oval, st_stairs_11
D:2:      uniq_iyjb
D:3:      lemuel_zombie_altar_yredelemnul, nicolae_overflow_hidden_temple,
          first_bread
D:4:      lemuel_castle_with_subvaults, kennysheep_mini,
          minmay_temple_entry_enclosed_plants

Notes
Turn   | Place    | Note
--------------------------------------------------------------
     0 | D:1      | FuckCats, the Mummy Monk, began the quest for the Orb.
     0 | D:1      | Reached XP level 1. HP: 18/18 MP: 1/1
   134 | D:1      | Reached XP level 2. HP: 4/24 MP: 2/2
   703 | D:1      | Reached skill level 4 in Unarmed Combat
  1046 | D:1      | Reached XP level 3. HP: 26/29 MP: 3/3
  1716 | D:2      | Noticed Ijyb
  1795 | D:1      | Killed Ijyb
  2242 | D:2      | Reached XP level 4. HP: 31/35 MP: 4/4
  2870 | D:2      | Reached skill level 5 in Unarmed Combat
  3509 | D:3      | Reached XP level 5. HP: 23/41 MP: 5/5
  4434 | D:3      | Reached skill level 4 in Fighting
  4821 | D:3      | Found a basalt altar of Yredelemnul.
  4916 | D:4      | Found a staircase to the Ecumenical Temple.
  5213 | D:4      | Reached skill level 5 in Fighting
  5213 | D:4      | Reached XP level 6. HP: 17/51 MP: 6/6
  5453 | D:3      | Found a white marble altar of Elyvilon.
  6003 | D:4      | Reached skill level 6 in Fighting
  6267 | D:4      | Found a sparkling altar of Nemelex Xobeh.
  6745 | D:4      | Slain by a gnoll

Vanquished Creatures
  2 scorpions (D:4)
  A giant goldfish zombie (D:3)
  A hound (D:4)
  A worker ant (D:4)
  Ijyb (D:1)
  7 gnolls
  A big fish zombie (D:3)
  4 adders
  2 giant mites (D:3)
  2 worms (D:4)
  An adder skeleton (D:4)
  7 giant geckos
  6 bats
  4 giant cockroaches
  14 goblins
  12 hobgoblins
  3 jackals (D:4)
  7 kobolds
  A quokka (D:3)
  5 giant newts (D:1)
  A kobold skeleton (D:4)
  A quokka skeleton (D:3)
  8 rats
92 creatures vanquished.
